[Event "Late-Titled-Tuesday-Blitz-October-24-2023"]
[Site "Chess.com"]
[Date "2023.10.24"]
[Round "5"]
[White "ellatambien"]
[Black "kleinebeer98"]
[Result "1/2-1/2"]
[WhiteElo "2650"]
[BlackElo "2864"]
[TimeControl "180+1"]
[EndTime "14:52:37 PDT"]
[Termination "Game drawn by repetition"]

1. e4 e5 2. Nf3 Nc6 3. Nc3 f5 4.
d4 fxe4 5. Nxe5 Nf6 6. Bg5 Bb4 7. Be2 d6 8. Nxc6 bxc6 9. O-O Bxc3 10. bxc3 O-O 11.
f3 Bf5 12. fxe4 Bxe4 13. Qd2 h6 14. Bh4 d5 15. Rf2 Qd6 16. Bg3 Qe6 17. Raf1 Rf7 18.
h3 Raf8 19. Be5 Bg6 20. Bd3 Ne4 21. Bxe4 Bxe4 22. Rxf7 Rxf7 23. Rxf7 Qxf7 24. Qf4 Qg6 25. Qg3 Bxc2 26. Qxg6 Bxg6 27. Bxc7 Bb1 28. a3 Kf7 29. Kf2 Ke6 30. Ke3 h5 31. Kf4 Kf6 32. Be5+ Kg6 33. g4 hxg4 34. hxg4 Bc2 35. Kg3 a5 36. Bc7 a4 37. Be5 Kf7 38. Kf4 Bd1 39. Kg5 g6 40.
Kf4 Ke6 41. g5 Kd7 42. Bf6 Kc7 43. Be7 Kb6 44. Ke5 Kb5 45. Bb4 Kc4 46. Kd6 Kb5 47.
Ke5 Bc2 48. Kf6 Kc4 49. Ke5 Bf5 50. Kd6 Kb5 51. Ke7 Kb6 52. Kd6 Kb7 53. Ke7 Kc7 54. Kf6 Kd7 55. Ke5 Bb1 56. Bc5 Bc2 57. Bb4 Bb1 58. Bc5 Bc2 59. Bb4 Bb1 1/2-1/2

[Event "Late-Titled-Tuesday-Blitz-October-24-2023"]
[Site "Chess.com"]
[Date "2023.10.24"]
[Round "5"]
[White "Cryptochess"]
[Black "WindWhistler11"]
[Result "1-0"]
[WhiteElo "2616"]
[BlackElo "2429"]
[TimeControl "180+1"]
[EndTime "14:52:37 PDT"]
[Termination "Cryptochess won by resignation"]

1. e4 e6 2. d4 d5 3. Nc3 Bb4 4. exd5 exd5 5. Bd3 Ne7 6. Qf3 Nbc6 7. Ne2 Be6 8. Bf4 Qd7 9. O-O-O O-O-O 10. h3 Kb8 11. g4 Nc8 12. Qg3 Ba5 13. Kb1 Nb4 14. Bb5 Nc6 15. Na4 Bb6 16. Nc5 Bxc5 17. dxc5 a6 18.
Ba4 N8a7 19. Nd4 Rhe8 20. Rhe1 f6 21. Nxe6 Rxe6 22. Rxe6 Qxe6 23. Bxc7+ 1-0

[Event "Late-Titled-Tuesday-Blitz-October-24-2023"]
[Site "Chess.com"]
[Date "2023.10.24"]
[Round "5"]
[White "UK_23"]
[Black "meoluoi91"]
[Result "0-1"]
[WhiteElo "2404"]
[BlackElo "2598"]
[TimeControl "180+1"]
[EndTime "14:52:48 PDT"]
[Termination "meoluoi91 won by resignation"]

1. e4 c6 2. Nc3 d5 3. Nf3 Bg4 4. h3 Bxf3 5. Qxf3 e6 6. Be2 Nf6 7. O-O Bb4 8. exd5 cxd5 9. d4 Nc6 10. Rd1 O-O 11. Bg5 Rc8 12. Na4 Be7 13. Nc5 Nxd4 14. Rxd4 Rxc5 15. Bd3 e5 16. Rh4 e4 17. Qf5 d4 0-1

[Event "Late-Titled-Tuesday-Blitz-October-24-2023"]
[Site "Chess.com"]
[Date "2023.10.24"]
[Round "5"]
[White "Road2GM3000"]
[Black "yuki_chess123"]
[Result "1-0"]
[WhiteElo "2367"]
[BlackElo "2119"]
[TimeControl "180+1"]
[EndTime "14:52:48 PDT"]
[Termination "Road2GM3000 won by resignation"]

1. d4 d5 2. c4 e6 3. cxd5 exd5 4.
Nc3 Nf6 5. Nf3 Be7 6. Bg5 O-O 7. e3 Nbd7 8. Bd3 Re8 9. Qc2 Nf8 10. O-O c6 11.
Ne5 Nh5 12. Bxe7 Qxe7 13. Rae1 g6 14. f4 f6 15. Nxg6 hxg6 16. Bxg6 Nxg6 17. Qxg6+ Ng7 18. e4 Qf7 19. Qg3 dxe4 20. Nxe4 Rxe4 21. Rxe4 Bf5 22.
Re3 Qd5 23. Re7 Qxd4+ 24. Kh1 Bg4 25. Qxg4 f5 26. Qg6 1-0

[Event "Late-Titled-Tuesday-Blitz-October-24-2023"]
[Site "Chess.com"]
[Date "2023.10.24"]
[Round "5"]
[White "SpeedofLight0"]
[Black "djano"]
[Result "1-0"]
[WhiteElo "2983"]
[BlackElo "2682"]
[TimeControl "180+1"]
[EndTime "14:52:51 PDT"]
[Termination "SpeedofLight0 won by checkmate"]

1. c4 e6 2. g3 d5 3. Bg2 c5 4.
Nf3 Nc6 5. O-O Nf6 6. cxd5 exd5 7. d4 Be7 8. Nc3 c4 9. Bg5 O-O 10. Bxf6 Bxf6 11. e3 Bf5 12. Kh1 Nb4 13. Ng1 Bd3 14. Nge2 Bg5 15. a3 Nc6 16. Nxd5 Re8 17. Re1 Qd7 18. Rc1 Rad8 19. Nef4 Be4 20. Rxc4 Bxg2+ 21. Kxg2 Bxf4 22. Nxf4 g5 23. Nh5 Qd5+ 24. Qf3 Qxc4 25. Qf5 Qe6 26. Nf6+ Kg7 27. Qxg5+ Kf8 28. Nxh7# 1-0

[Event "Late-Titled-Tuesday-Blitz-October-24-2023"]
[Site "Chess.com"]
[Date "2023.10.24"]
[Round "5"]
[White "bylavochka"]
[Black "jaskol95"]
[Result "0-1"]
[WhiteElo "2351"]
[BlackElo "2544"]
[TimeControl "180+1"]
[EndTime "14:53:05 PDT"]
[Termination "jaskol95 won on time"]

1. e4 d5 2. exd5 Nf6 3. d4 Bg4 4. f3 Bf5 5. Bb5+ c6 6. dxc6 Nxc6 7. Ne2 e6 8. O-O Qb6 9. Ba4 O-O-O 10. Be3 e5 11.
Bxc6 bxc6 12. Ng3 Bg6 13. dxe5 Qxe3+ 0-1

[Event "Late-Titled-Tuesday-Blitz-October-24-2023"]
[Site "Chess.com"]
[Date "2023.10.24"]
[Round "5"]
[White "nochewycandy"]
[Black "LiemLe"]
[Result "1/2-1/2"]
[WhiteElo "2789"]
[BlackElo "2965"]
[TimeControl "180+1"]
[EndTime "14:53:10 PDT"]
[Termination "Game drawn by repetition"]

1. e4 c6 2. Nf3 d5 3. d3 dxe4 4. dxe4 Qxd1+ 5. Kxd1 Nf6 6. Nbd2 g6 7. Ne5 Bg7 8. Nd3 Nbd7 9. f3 O-O 10. c3 Ne8 11. Kc2 f5 12. exf5 gxf5 13. f4 Nd6 14. Be2 e5 15. fxe5 Nxe5 16. Nxe5 Bxe5 17. Nf3 Bg7 18.
Bf4 Ne4 19. Bc4+ Kh8 20. Ne5 b5 21. Bb3 Nc5 22. Nf7+ Kg8 23. Nh6+ Kh8 24. Nf7+ Kg8 25. Nh6+ Kh8 26. Nf7+ 1/2-1/2

[Event "Late-Titled-Tuesday-Blitz-October-24-2023"]
[Site "Chess.com"]
[Date "2023.10.24"]
[Round "5"]
[White "emiliochess"]
[Black "Elbebiber"]
[Result "1-0"]
[WhiteElo "2306"]
[BlackElo "2133"]
[TimeControl "180+1"]
[EndTime "14:53:11 PDT"]
[Termination "emiliochess won by resignation"]

1. e4 d5 2. f3 dxe4 3. fxe4 e5 4. Nf3 Bd6 5. Bc4 Nf6 6. O-O O-O 7. d3 Bg4 8. Bg5 Nbd7 9. Nc3 c6 10. Qe1 h6 11.
Bh4 Qb6+ 12. Kh1 Qxb2 13. Rb1 Qxc2 14. Rxb7 Rfb8 15. Bb3 Qb2 16. Bxf7+ Kxf7 17. Rxb2 Rxb2 18. Bxf6 Nxf6 19. d4 Bxf3 20. Rxf3 exd4 21. e5 dxc3 22. exf6 c2 23. fxg7+ Kxg7 24. Qc3+ 1-0

[Event "Late-Titled-Tuesday-Blitz-October-24-2023"]
[Site "Chess.com"]
[Date "2023.10.24"]
[Round "5"]
[White "Tonychess32"]
[Black "NotFischer"]
[Result "1-0"]
[WhiteElo "2523"]
[BlackElo "2253"]
[TimeControl "180+1"]
[EndTime "14:53:13 PDT"]
[Termination "Tonychess32 won by resignation"]

1. e4 d5 2. exd5 Qxd5 3. Nc3 Qd6 4. Nf3 Nf6 5. Be2 c6 6. O-O Bg4 7. h3 Bxf3 8. Bxf3 Nbd7 9. Re1 e6 10. d3 Qc7 11. a4 Bd6 12. a5 a6 13. Be3 O-O 14. Na4 c5 15. Nc3 Rac8 16. Qd2 Ne5 17. Be2 Rfd8 18. Bg5 Be7 19. Qe3 Nd5 20. Nxd5 exd5 21.
Bxe7 Qxe7 22. Bg4 1-0

[Event "Late-Titled-Tuesday-Blitz-October-24-2023"]
[Site "Chess.com"]
[Date "2023.10.24"]
[Round "5"]
[White "KATPAH"]
[Black "whiteglovethief"]
[Result "1-0"]
[WhiteElo "2645"]
[BlackElo "2522"]
[TimeControl "180+1"]
[EndTime "14:53:19 PDT"]
[Termination "KATPAH won by resignation"]

1. e4 e6 2. d4 d5 3. exd5 exd5 4. c4 Bb4+ 5. Nc3 Nf6 6. Nf3 O-O 7.
Be2 dxc4 8. Bxc4 Bg4 9. Be3 Nc6 10. O-O h6 11. h3 Bf5 12. Ne5 Nxe5 13. dxe5 Qxd1 14.
Raxd1 Bxc3 15. bxc3 Ne4 16. Bd3 Bh7 17. Bd4 Rfd8 18.
Rfe1 Ng5 19. Bc4 Ne6 20. Be3 Bc2 21. Rc1 Ba4 22. f4 a6 23. f5 Ng5 24. h4 Nh7 25. e6 fxe6 26. fxe6 Re8 27. g4 Kh8 28. g5 Nf8 29.
Bd4 h5 30. e7 Ng6 31. Bf7 Nxh4 32. Bxe8 Nf3+ 33. Kf2 Nxe1 34. Bxa4 Nd3+ 35. Ke3 Nxc1 36.
e8=R+ Rxe8+ 37. Bxe8 Nxa2 38. Bxh5 Nc1 39. Bf7 1-0

[Event "Late-Titled-Tuesday-Blitz-October-24-2023"]
[Site "Chess.com"]
[Date "2023.10.24"]
[Round "5"]
[White "jup1978"]
[Black "JuniorJumper"]
[Result "1/2-1/2"]
[WhiteElo "2504"]
[BlackElo "2619"]
[TimeControl "180+1"]
[EndTime "14:53:22 PDT"]
[Termination "Game drawn by repetition"]

1. d4 d5 2. c4 e6 3. Nf3 c6 4.
Nbd2 Nf6 5. g3 Nbd7 6. Bg2 Bd6 7. O-O O-O 8. b3 Qe7 9. Bb2 e5 10. dxe5 Nxe5 11. cxd5 Nxd5 12. Nxe5 Bxe5 13. Bxe5 Qxe5 14. Nc4 Qe6 15. Qd2 Nb6 16. Rac1 Qf6 17. Rfd1 Nxc4 18. Rxc4 Be6 19. Rd4 g6 20. Rd6 Qe7 21. Qd4 Bd5 22.
Bxd5 cxd5 23. Qxd5 Qxe2 24. Rd2 Qe1+ 25. Kg2 Rac8 26.
Rd1 Qe2 27. Rd2 Qe1 28. Rd1 Qe2 29. Rd2 Qe1 1/2-1/2

[Event "Late-Titled-Tuesday-Blitz-October-24-2023"]
[Site "Chess.com"]
[Date "2023.10.24"]
[Round "5"]
[White "Nick12772"]
[Black "The_Sherman_Variation"]
[Result "0-1"]
[WhiteElo "2379"]
[BlackElo "2573"]
[TimeControl "180+1"]
[EndTime "14:53:28 PDT"]
[Termination "The_Sherman_Variation won by resignation"]

1. Nf3 e6 2. g3 d5 3. Bg2 Nf6 4.
O-O Be7 5. d4 O-O 6. c4 dxc4 7.
Ne5 Nc6 8. Nxc6 bxc6 9. Bxc6 Rb8 10.
Bg2 Bb7 11. Bxb7 Rxb7 12. e3 c5 13. dxc5 Bxc5 14. Nc3 Bb4 15. Bd2 Rd7 16. Qa4 a5 17. a3 Rxd2 18. axb4 axb4 19. Qxb4 Qd3 20. Rad1 Rc8 21.
Rxd2 Qxd2 22. Rd1 Qc2 23. Qe7 h5 24. Rd8+ Rxd8 25. Qxd8+ Kh7 26. Qb6 h4 27. Qd4 h3 28.
Qh4+ Kg8 29. Qxh3 Qxb2 30. Nd1 Qc1 31. Qf1 c3 32. Nxc3 Qxc3 33. h3 Qe5 34. Kh2 Qh5 35.
Qd3 Ng4+ 36. Kg2 Qxh3+ 37. Kf3 Ne5+ 0-1

[Event "Late-Titled-Tuesday-Blitz-October-24-2023"]
[Site "Chess.com"]
[Date "2023.10.24"]
[Round "5"]
[White "Karacsonyi_Gellert"]
[Black "Deeper44"]
[Result "1-0"]
[WhiteElo "2757"]
[BlackElo "2542"]
[TimeControl "180+1"]
[EndTime "14:53:40 PDT"]
[Termination "Karacsonyi_Gellert won by checkmate"]

1. e4 e6 2. d4 d5 3. Nd2 Be7 4. c3 c5 5. Bd3 cxd4 6. cxd4 Nc6 7. Ne2 e5 8. exd5 Qxd5 9. Be4 Qd8 10. d5 Nb4 11. O-O Nf6 12. Nc3 Nxe4 13. Ndxe4 O-O 14.
d6 Bf6 15. Nxf6+ gxf6 16. Be3 Bf5 17. a3 Nc2 18. Rc1 Nxe3 19. fxe3 Bg6 20. Nd5 f5 21.
Ne7+ Kh8 22. Qd5 f6 23. Nxg6+ hxg6 24. Rf3 Rc8 25. Rh3+ Kg7 26. Qxb7+ Rf7 27. Qxc8 Qb6 28. Qh8# 1-0

[Event "Late-Titled-Tuesday-Blitz-October-24-2023"]
[Site "Chess.com"]
[Date "2023.10.24"]
[Round "5"]
[White "Veleamater"]
[Black "rdarruda"]
[Result "0-1"]
[WhiteElo "2336"]
[BlackElo "2544"]
[TimeControl "180+1"]
[EndTime "14:53:45 PDT"]
[Termination "rdarruda won by resignation"]

1. g3 d5 2. Bg2 Nf6 3. d3 c6 4. h3 g6 5. Nf3 Bg7 6. O-O O-O 7. Nc3 Nbd7 8. e4 e5 9. Nd2 Nb6 10. f4 Nh5 11. Ne2 exf4 12. gxf4 dxe4 13. dxe4 f5 14.
e5 Be6 15. b3 Bd5 16. c4 Bxg2 17. Kxg2 Qd3 18. Nf3 Qe4 19. Ng3 Nxg3 20. Kxg3 Rad8 21.
Qe1 Qd3 22. Be3 Qd7 23. Rd1 Qe7 24. Qc3 h6 25. h4 Rxd1 26. Rxd1 Rd8 27. Rxd8+ Qxd8 28. a4 Bf8 29. a5 Nd7 30. Qd4 Bc5 31. Qd3 Bxe3 32. Qxe3 Qxa5 33. e6 Nf6 34. e7 Kf7 35. Ne5+ Ke8 36. Nxg6 Ne4+ 37. Kf3 Qa1 38. h5 Qf1+ 0-1

[Event "Late-Titled-Tuesday-Blitz-October-24-2023"]
[Site "Chess.com"]
[Date "2023.10.24"]
[Round "5"]
[White "Schwindle"]
[Black "hellokostya"]
[Result "0-1"]
[WhiteElo "2418"]
[BlackElo "2611"]
[TimeControl "180+1"]
[EndTime "14:53:49 PDT"]
[Termination "hellokostya won by resignation"]

1. e4 c5 2. Nf3 Nc6 3. d4 cxd4 4. Nxd4 Nf6 5. Nc3 e5 6. Ndb5 d6 7. Bg5 a6 8. Bxf6 gxf6 9. Na3 b5 10. Nd5 Bg7 11. Bd3 Ne7 12. Nxe7 Qxe7 13. O-O O-O 14. c4 f5 15. Qf3 f4 16. cxb5 axb5 17. Nxb5 Be6 18.
Nc3 Rfb8 19. b3 Qg5 20. h3 Bf6 21. Bc4 Bxc4 22. bxc4 Ra3 23. Rab1 Rc8 24. Rb3 Ra6 25.
Nd5 Rxc4 26. Rb8+ Kg7 27. h4 Qxh4 28. g3 Qg5 29. Kg2 Rxa2 30. Nxf6 Kxf6 31. Qb3 Rcc2 0-1

[Event "Late-Titled-Tuesday-Blitz-October-24-2023"]
[Site "Chess.com"]
[Date "2023.10.24"]
[Round "5"]
[White "Atanejhad"]
[Black "zivicd"]
[Result "1-0"]
[WhiteElo "2389"]
[BlackElo "2112"]
[TimeControl "180+1"]
[EndTime "14:53:58 PDT"]
[Termination "Atanejhad won by resignation"]

1. d4 Nf6 2. c4 e6 3. Nf3 Bb4+ 4. Bd2 Qe7 5. g3 b6 6. Bg2 Bb7 7. O-O Bxd2 8. Nbxd2 O-O 9. Qc2 d6 10. e4 e5 11. d5 a5 12. Ne1 Nbd7 13. Nd3 Nc5 14.
b3 Nxd3 15. Qxd3 Nd7 16. a3 Nc5 17. Qc2 f5 18. exf5 Bc8 19. g4 h5 20. f3 Bd7 21. b4 Na6 22. Qc3 Qh4 23. h3 g6 24.
fxg6 Kg7 25. Ne4 Rf4 26. Qe1 Qe7 27. gxh5 Rh8 28. Ng3 Rh4 29. f4 Bxh3 30. fxe5 dxe5 31. Rf7+ 1-0

[Event "Late-Titled-Tuesday-Blitz-October-24-2023"]
[Site "Chess.com"]
[Date "2023.10.24"]
[Round "5"]
[White "TimGrutter03"]
[Black "randy296"]
[Result "1-0"]
[WhiteElo "2527"]
[BlackElo "2056"]
[TimeControl "180+1"]
[EndTime "14:53:58 PDT"]
[Termination "TimGrutter03 won by resignation"]

1. e4 c5 2. Nf3 d6 3. b3 Nc6 4. Bb2 Nf6 5. Nc3 e6 6. g3 Be7 7. Bg2 O-O 8. O-O d5 9. exd5 exd5 10. d4 Bg4 11. dxc5 Bxc5 12. h3 Bf5 13. g4 Be4 14. Nxe4 dxe4 15. Ne5 Qb6 16. Nc4 Qc7 17. Bxf6 gxf6 18.
Bxe4 Ne5 19. Nxe5 fxe5 20. Qf3 Bd4 21. Rad1 Rab8 22. Qf5 f6 23. c3 Rf7 24. cxd4 Rg7 25. dxe5 fxe5 26. Rc1 Qe7 27. Rc8+ Rxc8 28. Qxc8+ Kf7 29.
Bd5+ 1-0

[Event "Late-Titled-Tuesday-Blitz-October-24-2023"]
[Site "Chess.com"]
[Date "2023.10.24"]
[Round "5"]
[White "cthulhuuu"]
[Black "expii"]
[Result "1-0"]
[WhiteElo "2420"]
[BlackElo "2231"]
[TimeControl "180+1"]
[EndTime "14:53:59 PDT"]
[Termination "cthulhuuu won on time"]

1. e4 c5 2. Nf3 d6 3. g3 Nf6 4. d3 g6 5. Bg2 Bg7 6. O-O O-O 7. Re1 Nc6 8. e5 dxe5 9. Nxe5 Nxe5 10. Rxe5 Qc7 11. Bf4 Qb6 12. Nc3 Be6 13. Na4 Qb4 14.
c3 Qb5 15. Nxc5 Qxb2 16. Nxe6 fxe6 17. Rxe6 Qxc3 18. Rxe7 Nh5 19. Rc1 Qd4 20. Be3 Qf6 21.
Rcc7 Rae8 22. Rxe8 Rxe8 23. Rxb7 Rf8 24. Rxa7 Re8 25. a4 1-0

[Event "Late-Titled-Tuesday-Blitz-October-24-2023"]
[Site "Chess.com"]
[Date "2023.10.24"]
[Round "5"]
[White "Witik"]
[Black "chesspreceptor"]
[Result "1-0"]
[WhiteElo "2801"]
[BlackElo "2605"]
[TimeControl "180+1"]
[EndTime "14:54:01 PDT"]
[Termination "Witik won by resignation"]

1. e4 e6 2. d3 d5 3. Qe2 Be7 4. Nf3 Nf6 5. g3 O-O 6. Bg2 c5 7. O-O Nc6 8. e5 Nd7 9. c4 Nb6 10. Nc3 dxc4 11. dxc4 Nd4 12. Nxd4 Qxd4 13. Rd1 Qxc4 14.
Qh5 g6 15. Qh6 Rd8 16. Bg5 Bxg5 17. Qxg5 Rxd1+ 18. Rxd1 Bd7 19. Ne4 Nd5 20. Qh6 Qe2 21.
Nf6+ Nxf6 22. exf6 Qxd1+ 23. Bf1 1-0

[Event "Late-Titled-Tuesday-Blitz-October-24-2023"]
[Site "Chess.com"]
[Date "2023.10.24"]
[Round "5"]
[White "Maitreia"]
[Black "GiorgianBarbosa"]
[Result "1-0"]
[WhiteElo "2637"]
[BlackElo "2431"]
[TimeControl "180+1"]
[EndTime "14:54:03 PDT"]
[Termination "Maitreia won by checkmate"]

1. c4 Nf6 2. Nc3 e6 3. e4 d6 4. f4 c5 5. e5 dxe5 6. fxe5 Nfd7 7. Nf3 Nc6 8. d4 cxd4 9. Nxd4 Ndxe5 10. Be3 Nxd4 11.
Bxd4 Nc6 12. Be3 Qxd1+ 13. Rxd1 Bb4 14. Bd3 O-O 15. O-O Ne5 16. Nb5 Nxd3 17. Rxd3 b6 18. a3 Bc5 19. Bxc5 bxc5 20. b4 cxb4 21. axb4 Ba6 22.
Nd6 Rad8 23. b5 Bc8 24. Ra1 Rd7 25. c5 Rc7 26. c6 a6 27. Nxc8 axb5 28. Na7 Ra8 29.
Rd7 Rxc6 30. Rad1 Ra6 31. Rd8+ Rxd8 32. Rxd8# 1-0

[Event "Late-Titled-Tuesday-Blitz-October-24-2023"]
[Site "Chess.com"]
[Date "2023.10.24"]
[Round "5"]
[White "shimastream"]
[Black "Nyzhnyk_Illia"]
[Result "1-0"]
[WhiteElo "2981"]
[BlackElo "2840"]
[TimeControl "180+1"]
[EndTime "14:54:06 PDT"]
[Termination "shimastream won by resignation"]

1. e4 c5 2. d4 cxd4 3. Qxd4 Nc6 4. Qd3 d6 5. Nc3 g6 6. Nf3 Bg7 7. Be2 Nf6 8. O-O O-O 9. Nd5 Bg4 10. c3 Nd7 11. Bg5 h6 12. Bh4 g5 13. Bg3 e6 14.
Ne3 Bxf3 15. Bxf3 Nde5 16. Qd1 Nxf3+ 17. Qxf3 Qe7 18. Rad1 Rad8 19. Rd2 Rd7 20. Rfd1 Rfd8 21. h3 Ne5 22. Qe2 Ng6 23. Nc4 Be5 24. Bxe5 dxe5 25.
a4 f6 26. g3 Nf8 27. a5 Qc5 28. Rxd7 Rxd7 29. Rxd7 Nxd7 30. Qd3 Qc6 31. b4 a6 32. Ne3 Kf7 33. h4 gxh4 34. gxh4 h5 35. Nf1 Nf8 36.
Ng3 Ng6 37. Nxh5 Nxh4 38. Qd8 Kg6 39. Ng3 Nf3+ 40. Kg2 Ng5 41. Qd3 f5 42. f3 f4 43.
Nh1 Qb5 44. Qxb5 axb5 45. Nf2 Nf7 46. Nd3 Kf6 47. Nc5 Nd6 48. Nxb7 1-0

[Event "Late-Titled-Tuesday-Blitz-October-24-2023"]
[Site "Chess.com"]
[Date "2023.10.24"]
[Round "5"]
[White "Maluco_do_Natal_00"]
[Black "alfianasybullina"]
[Result "1-0"]
[WhiteElo "2034"]
[BlackElo "2272"]
[TimeControl "180+1"]
[EndTime "14:54:07 PDT"]
[Termination "Maluco_do_Natal_00 won by resignation"]

1. e4 c6 2. d4 d5 3. Nc3 dxe4 4. Nxe4 Nd7 5. Nf3 Ngf6 6. Nxf6+ Nxf6 7. Bd3 Bg4 8. c3 e6 9. O-O Bd6 10. h3 Bh5 11.
Re1 O-O 12. a4 Bg6 13. Bxg6 hxg6 14. Ne5 Bxe5 15. Rxe5 Qd7 16. a5 Rfd8 17. Qf3 Nd5 18.
Bd2 b6 19. axb6 axb6 20. Ree1 c5 21. dxc5 bxc5 22. Bg5 Rdb8 23. Qe2 Rxa1 24. Rxa1 f6 25. Bc1 e5 26. Qc4 Qc6 27. Ra6 Qb7 28. Rd6 Kh7 29.
Qxd5 Qa7 30. Be3 Rxb2 31. Rd7 Qa1+ 32. Kh2 Rb1 33. Qf7 Rh1+ 34. Kg3 Rxh3+ 1-0

[Event "Late-Titled-Tuesday-Blitz-October-24-2023"]
[Site "Chess.com"]
[Date "2023.10.24"]
[Round "5"]
[White "KChor05TTV"]
[Black "mishanick"]
[Result "0-1"]
[WhiteElo "2682"]
[BlackElo "3053"]
[TimeControl "180+1"]
[EndTime "14:54:10 PDT"]
[Termination "mishanick won by resignation"]

1. d4 Nf6 2. c4 c6 3. Nc3 d5 4.
cxd5 cxd5 5. Nf3 Nc6 6. Bf4 e6 7. e3 Bd6 8. Bxd6 Qxd6 9. Bd3 Bd7 10. O-O O-O 11. a3 Rac8 12. Rc1 Be8 13. Re1 Bd7 14. h3 Rfd8 15. b4 Be8 16. Na4 Nxd4 17. Nc5 Nxf3+ 18.
Qxf3 Qe7 19. e4 b6 20. e5 bxc5 21. exf6 Qxf6 22. Qxf6 gxf6 23. bxc5 Bc6 24. Re3 h6 25. Rb1 Rb8 26. Ree1 Kf8 27. f4 Ke7 28. Kf2 h5 29. g3 Rg8 30. Be2 h4 31. g4 Ba4 32. Rb4 Bc6 33.
Ke3 e5 34. Reb1 Rbc8 35. Ba6 Rc7 36. Rb8 Rxb8 37. Rxb8 Bd7 38. Rb7 Rxc5 39. fxe5 fxe5 40. Kd3 Ra5 0-1

[Event "Late-Titled-Tuesday-Blitz-October-24-2023"]
[Site "Chess.com"]
[Date "2023.10.24"]
[Round "5"]
[White "campochess"]
[Black "ATM622"]
[Result "1/2-1/2"]
[WhiteElo "2223"]
[BlackElo "2414"]
[TimeControl "180+1"]
[EndTime "14:54:12 PDT"]
[Termination "Game drawn by repetition"]

1. d4 Nf6 2. Bg5 d5 3. Nd2 Bf5 4. e3 e6 5. Bd3 Bxd3 6. cxd3 Be7 7. Ngf3 O-O 8. Ne5 Nbd7 9. f4 c5 10. Nxd7 Qxd7 11. dxc5 Bxc5 12. d4 Be7 13. Bxf6 Bxf6 14. O-O Be7 15. Qb3 f5 16. Rac1 Rac8 17. Nf3 Bf6 18. a3 h6 19. g3 g5 20. Ne5 Bxe5 21. fxe5 g4 22. Qb4 h5 23. Rc5 b6 24.
Rc3 Rxc3 25. bxc3 Rc8 26. Rc1 Rc4 27. Qb3 Qa4 28. Qb2 Qc6 29. h3 b5 30. hxg4 hxg4 31. Qh2 Rxc3 32. Rxc3 Qxc3 33. Qh6 Qe1+ 34. Kg2 Qe2+ 35. Kg1 Qd1+ 36. Kh2 Qc2+ 37. Kg1 Qc6 38. Qf6 Qd7 39. Qg6+ Kf8 40. Qh6+ Ke8 41. Qh8+ Ke7 42. Qf6+ Ke8 43. Qh8+ Kf7 44. Qh7+ Ke8 45. Qh8+ 1/2-1/2

[Event "Late-Titled-Tuesday-Blitz-October-24-2023"]
[Site "Chess.com"]
[Date "2023.10.24"]
[Round "5"]
[White "vangulio"]
[Black "sergiochess83"]
[Result "0-1"]
[WhiteElo "2505"]
[BlackElo "2867"]
[TimeControl "180+1"]
[EndTime "14:54:16 PDT"]
[Termination "sergiochess83 won by resignation"]

1. e4 e6 2. d4 d5 3. e5 c5 4.
c3 Nc6 5. Nf3 Bd7 6. Bd3 cxd4 7.
cxd4 Qb6 8. O-O Nxd4 9. Nxd4 Qxd4 10. Nc3 Qb6 11. Qe2 a6 12. Kh1 Ne7 13. Be3 d4 14. Ne4 Ng6 15. Bg5 h6 16. Bd2 Nxe5 17. a4 Be7 18. a5 Qb3 19. Nc5 Bxc5 20. Qxe5 Qxd3 21.
Qxg7 O-O-O 22. Bf4 Bc6 23. Qe5 Bd6 24. Qf6 Qe4 0-1

[Event "Late-Titled-Tuesday-Blitz-October-24-2023"]
[Site "Chess.com"]
[Date "2023.10.24"]
[Round "5"]
[White "KorolDimitriy75"]
[Black "whitemirrorninja"]
[Result "0-1"]
[WhiteElo "2358"]
[BlackElo "2565"]
[TimeControl "180+1"]
[EndTime "14:54:23 PDT"]
[Termination "whitemirrorninja won on time"]

1. d4 b6 2. c4 Bb7 3. Nc3 e6 4. Qc2 g6 5. e4 Bg7 6. Be3 Ne7 7. h4 Nbc6 8. O-O-O h6 9. f3 e5 10. Nge2 d6 11.
d5 Na5 12. Ng3 Qd7 13. b4 f5 14. exf5 gxf5 15. Nh5 Ng6 16. Nxg7+ Qxg7 17. bxa5 O-O 18. Bd3 e4 19. fxe4 f4 20. Bd2 bxa5 21. Rdf1 Rab8 22. Nb5 Ba6 23. Bc3 Ne5 24. Nd4 Qg3 25.
Nf5 Qxd3 26. Bxe5 Qxc2+ 27. Kxc2 dxe5 28. Nxh6+ Kh7 29. Nf5 Bxc4 30. Rb1 Bxa2 31. Ra1 Bxd5 0-1

[Event "Late-Titled-Tuesday-Blitz-October-24-2023"]
[Site "Chess.com"]
[Date "2023.10.24"]
[Round "5"]
[White "Willi_Skibbe"]
[Black "JackRodgers"]
[Result "0-1"]
[WhiteElo "2228"]
[BlackElo "2517"]
[TimeControl "180+1"]
[EndTime "14:54:23 PDT"]
[Termination "JackRodgers won by checkmate"]

1. d4 Nf6 2. c4 c5 3. d5 e5 4. Nc3 d6 5. e4 Be7 6. Bd3 Na6 7. h3 O-O 8. g4 Ne8 9. Nf3 Rb8 10. Be3 Nac7 11. a4 a6 12. Qe2 Bd7 13. O-O g5 14. a5 b6 15. axb6 Rxb6 16. Rfb1 h6 17. Ne1 Kg7 18. Nc2 Rb3 19. Na2 Qb8 20. Na3 Rh8 21. Bc2 Rb7 22. Qd2 f6 23. b4 cxb4 24. Nxb4 h5 25. Nc6 Bxc6 26. dxc6 Rxb1+ 27. Rxb1 Qc8 28. Qa5 hxg4 29. c5 gxh3 30. cxd6 Qg4+ 31.
Kf1 h2 32. dxc7 h1=Q# 0-1

[Event "Late-Titled-Tuesday-Blitz-October-24-2023"]
[Site "Chess.com"]
[Date "2023.10.24"]
[Round "5"]
[White "Eternauta2400"]
[Black "pooh2012"]
[Result "0-1"]
[WhiteElo "2721"]
[BlackElo "2483"]
[TimeControl "180+1"]
[EndTime "14:54:24 PDT"]
[Termination "pooh2012 won by resignation"]

1. c4 d6 2. d4 e5 3. Nc3 exd4 4. Qxd4 Nc6 5. Qd2 g6 6. b3 Bg7 7. Bb2 Nf6 8. g3 O-O 9. Bg2 Bd7 10. e4 a6 11.
Nge2 Rb8 12. O-O b5 13. cxb5 axb5 14. Nd5 Re8 15. Nxf6+ Bxf6 16. Bxf6 Qxf6 17. Nc3 Nd4 18. Nd5 Nf3+ 19. Bxf3 Qxf3 20. Rae1 Bh3 21. Nf4 Bxf1 22.
Rxf1 Rxe4 23. Rc1 Rbe8 24. h4 c5 25. h5 Rd4 26. Qc2 Rxf4 27. gxf4 Re2 0-1

[Event "Late-Titled-Tuesday-Blitz-October-24-2023"]
[Site "Chess.com"]
[Date "2023.10.24"]
[Round "5"]
[White "Felix-Rose"]
[Black "Dacean99"]
[Result "0-1"]
[WhiteElo "2319"]
[BlackElo "2580"]
[TimeControl "180+1"]
[EndTime "14:54:24 PDT"]
[Termination "Dacean99 won on time"]

1. e4 c5 2. Nf3 Nc6 3. d4 cxd4 4. Nxd4 e5 5. Nb5 a6 6. N5c3 Nf6 7. Bg5 Bb4 8. a3 Ba5 9. b4 Bb6 10. Nd5 Bxf2+ 11.
Ke2 Nd4+ 12. Kd3 Ne6 13. Bxf6 gxf6 14. Qf3 Bd4 15. Nxf6+ Kf8 16. c3 Nf4+ 17. Kc2 Qxf6 18. cxd4 d5 19. exd5 Bf5+ 20. Kb2 Rc8 21. dxe5 Qxe5+ 22. Nc3 Nd3+ 23. Bxd3 Qxc3+ 24. Ka2 Qd2+ 25. Kb3 Bxd3 26.
Rac1 Bc2+ 27. Kb2 Bd1+ 0-1